AoeStats
← Armistice

Arena

509944402Analyzed
3v3 RM · 5d ago on Sep 28, 2026· 58m 43s· 6 players
Game mode
Random Map
Map size
Normal (6 player)
Population
200
Speed
Normal
Resources
Standard
Victory
Conquest
Starting age
Dark Age
Ending age
Imperial Age
RankedLock teamsTeams togetherTeam positionsShared explorationLock speedFull tech treeHidden civsTurbo modeCheats
Victory
Defeat
🇺🇸 Saxons · United States
913
+15
🇩🇪 Cumans · Germany
903
+15
🇰🇿 Danes · Kazakhstan
837
+18
🇮🇪 Varangians · Ireland
886
-16
🇬🇧 Shu · United Kingdom
885
-16
🇬🇧 Franks · United Kingdom
884
-16
Kissing Stone
3:38 Loom
10:36 Feudal Age
17:47 Castle Age
16:04 Horse Collar
16:11 Double-Bit Axe
16:58 Stone Mining
17:13 Gold Mining
18:27 Wheelbarrow
18:11 Town Watch
25:14 Bow Saw
26:06 Heavy Plow
32:52 Imperial Age
30:22 Elite Skirmisher
31:20 Fletching
31:31 Padded Archer Armor
31:19 Treadmill Crane
31:36 Murder Holes
31:59 Bodkin Arrow
32:16 Masonry
32:21 Fortified Wall
32:22 Masonry
33:07 Hand Cart
32:30 Crossbowman
33:49 Leather Archer Armor
33:56 Ballistics
34:25 Arbalester
35:54 Thumb Ring
37:55 Hoardings
38:44 Conscription
39:29 Bracer
44:27 Siege Engineers
45:22 Chemistry
44:54 Architecture
44:55 Ring Archer Armor
46:06 Forging
45:58 Scale Mail Armor
46:04 Scale Barding Armor
45:39 Capped Ram
46:47 Siege Ram
Maigh Nuad Warrior
5:29 Loom
11:04 Feudal Age
11:52 Double-Bit Axe
13:00 Horse Collar
16:57 Man-at-Arms
18:01 Scale Mail Armor
18:11 Arson
18:39 Forging
23:05 Castle Age
24:08 Long Swordsman
24:34 Gambesons
24:50 Squires
32:08 Chain Mail Armor
34:28 Town Watch
35:21 Wheelbarrow
37:01 Bow Saw
36:52 Heavy Plow
36:45 Gold Mining
36:51 Stone Mining
37:50 Iron Casting
44:08 Imperial Age
42:35 Pikeman
44:11 Halberdier
44:12 Two-Handed Swordsman
45:55 Blast Furnace
45:51 Plate Mail Armor
45:57 Crop Rotation
53:06 Town Patrol
53:22 Hand Cart
54:11 Two-Man Saw
Armistice
4:09 Loom
11:15 Feudal Age
17:27 Castle Age
15:42 Double-Bit Axe
16:39 Stone Mining
19:03 Forging
20:10 Town Watch
22:24 Husbandry
23:53 Scale Barding Armor
25:02 Light Cavalry
26:46 Chain Barding Armor
31:52 Imperial Age
30:13 Gold Mining
31:03 Murder Holes
32:31 Ballistics
33:39 Iron Casting
33:32 Bow Saw
34:45 Plate Barding Armor
34:16 Cavalier
36:59 Treadmill Crane
37:54 Siege Engineers
44:03 Paladin
45:22 Chivalry
46:48 Blast Furnace
46:55 Gold Shaft Mining
48:30 Masonry
49:23 Chemistry
51:45 Wheelbarrow
51:33 Town Patrol
54:51 Hand Cart
Neubs
7:47 Loom
11:34 Feudal Age
13:39 Man-at-Arms
17:26 Castle Age
16:51 Scale Mail Armor
19:17 Squires
20:20 Double-Bit Axe
22:26 Horse Collar
24:04 Gold Mining
24:04 Stone Mining
24:55 Wheelbarrow
25:04 Town Watch
26:38 Gambesons
27:09 Town Patrol
26:41 Long Swordsman
28:04 Gold Shaft Mining
32:15 Imperial Age
31:16 Bow Saw
31:20 Caravan
33:43 Ballistics
33:37 Fortified Wall
35:12 Conscription
36:39 Elite Hearth Troop
37:52 Chain Mail Armor
37:48 Forging
39:15 Shield Wall
39:24 Elite Varangian Guard
41:44 Iron Casting
43:33 Arson
45:02 Hand Cart
45:55 Two-Man Saw
44:57 Heavy Plow
45:37 Hoardings
46:13 Plate Mail Armor
46:50 Chemistry
46:01 Masonry
50:52 Architecture
53:20 Fletching
FLO57
3:08 Loom
9:52 Feudal Age
10:55 Double-Bit Axe
13:52 Wheelbarrow
16:39 Horse Collar
21:21 Castle Age
19:58 Stone Mining
22:55 Heavy Plow
23:41 Scale Barding Armor
23:27 Fletching
24:35 Pikeman
25:44 Bodkin Arrow
27:19 Bloodlines
28:36 Chain Barding Armor
30:10 Bow Saw
32:00 Hand Cart
35:15 Imperial Age
33:08 Forging
34:03 Masonry
33:39 Capped Ram
35:19 Ballistics
35:50 Herbal Medicine
35:24 Halberdier
35:28 Elite Skirmisher
38:20 Two-Man Saw
37:37 Light Cavalry
39:39 Plate Barding Armor
42:30 Squires
42:31 Scale Mail Armor
42:32 Padded Archer Armor
45:39 Parthian Tactics
47:36 Sanctity
48:43 Chemistry
49:11 Hoardings
48:36 Steppe Husbandry
49:44 Iron Casting
49:22 Murder Holes
51:07 Conscription
50:47 Cuman Mercenaries
51:04 Hussar
51:43 Town Watch
52:02 Gold Mining
54:43 Leather Archer Armor
55:29 Blast Furnace
54:01 Elite Kipchak
55:48 Cuman Mercenaries
56:21 Sappers
HUESOS
10:24 Feudal Age
15:58 Castle Age
14:58 Double-Bit Axe
14:58 Horse Collar
20:44 Wheelbarrow
20:24 Bow Saw
22:58 Wheelbarrow
22:15 Gold Mining
25:44 Hand Cart
25:17 Loom
25:52 Heavy Plow
33:17 Imperial Age
30:48 Town Watch
31:15 Fletching
31:25 Padded Archer Armor
31:48 Caravan
31:57 Town Patrol
32:56 Bloodlines
32:46 Husbandry
34:14 Bodkin Arrow
34:34 Leather Archer Armor
36:18 Bracer
36:48 Ring Archer Armor
36:40 Ballistics
37:04 Gold Shaft Mining
37:57 Heavy Mounted Crossbowman
38:47 Thumb Ring
41:22 Cranequins
Connection lost

Rejoining the realm…

Still unreachable

The connection could not be restored.

Session expired

The server has moved on; the page needs a fresh start.